 Dungeon Crawl Stone Soup version 0.31-a0-948-gf5be29c462 (webtiles) character file.

Game seed: 2171901173461438991

10664 BinkBink the Basher (level 11, -1/105 HPs)
             Began as an Armataur Berserker on Oct 21, 2023.
             Was a High Priest of Trog.
             Slain by an orc warrior
             ... wielding a +0 trident
              (8 damage)
             ... in a bailey.
             The game lasted 00:21:03 (11394 turns).

BinkBink the Basher (Armataur Berserker)           Turns: 11394, Time: 00:21:04

Health: -1/105     AC:  9    Str: 24    XL:     11   Next: 39%
Magic:  11/11      EV: 10    Int:  7    God:    Trog [*****.]
Gold:   621        SH:  0    Dex: 15    Spells: 10/10 levels left

rFire   . . .        i - +4 whip (venom)
rCold   + . .        (no shield)
rNeg    + . .        w - +1 robe of Immorality {Rampage}
rPois   +            j - +0 helmet
rElec   .            z - +0 cloak {Stlth+}
rCorr   .            x - +1 pair of gloves of Eskewir {rC+ rN+ Dex+2}
SInv    +            (no barding)
Will    .....        v - amulet of regeneration
Stlth   ++           s - ring of see invisible
HPRegen 1.17/turn    r - ring of poison resistance
MPRegen 0.12/turn

%: roll
@: on berserk cooldown, slowed, very slow
A: large, rugged brown scales 3, deformed body, armoured tail, roll, long
tongue, awkward tongue
a: Renounce Religion, Berserk, Trog's Hand, Brothers in Arms


You were in a bailey.
You worshipped Trog.
Trog was extremely pleased with you.
You visited 1 branch of the dungeon, and saw 10 of its levels.
You also visited: Bailey.

You collected 621 gold pieces.

Inventory:

Hand Weapons
 i - a +4 whip of venom (weapon)
 A - a +3 heavy glaive
 D - a +3 flail
Armour
 j - a +0 helmet (worn)
 w - the +1 robe of Immorality (worn) {Rampage}
   (You found it on level 8 of the Dungeon)

   Rampage:   It bestows one free step when moving towards enemies.
 x - the +1 pair of gloves of Eskewir (worn) {rC+ rN+ Dex+2}
   (You found it on level 7 of the Dungeon)

   Dex+2:     It affects your dexterity (+2).
   rC+:       It protects you from cold.
   rN+:       It protects you from negative energy.
 z - a +0 cloak of stealth (worn)
 H - a +0 plate armour of poison resistance
Jewellery
 r - a ring of poison resistance (right hand)
 s - a ring of see invisible (left hand)
 v - an amulet of regeneration (around neck)
 y - an amulet of the acrobat
Wands
 b - a wand of paralysis (12)
 h - a wand of polymorph (9)
 u - a wand of iceblast (8)
 E - a wand of flame (18)
Scrolls
 d - a scroll of amnesia
 e - a scroll of identify
 f - a scroll of vulnerability
 m - 3 scrolls of noise
 n - 2 scrolls of fog
 q - 2 scrolls of revelation
 t - a scroll of immolation
 B - a scroll of enchant armour
 F - a scroll of brand weapon
 G - a scroll of poison
Potions
 a - a potion of mutation
 g - a potion of brilliance {unknown}
 k - a potion of resistance
 l - a potion of enlightenment
 C - a potion of haste
 I - a potion of lignification {unknown}


   Skills:
 + Level 10.1 Fighting
 - Level 3.8(8.6) Axes
 * Level 13.0(13.3) Maces & Flails
 - Level 2.4 Armour
 - Level 1.3 Dodging


You had 10 spell levels left.
You didn't know any spells.
Your spell library was empty.

Dungeon Overview and Level Annotations

Branches:
Dungeon (10/15)            Temple (0/1) D:7             Orc (0/2) D:9
 Bailey (1/1)
   Lair: D:8-11

Altars:
Ashenzari
Elyvilon
Gozag
Kikubaaqudgha
Makhleb
Qazlal
Sif Muna
Vehumet
Xom

Annotations:
D:2 Sigmund
D:4 1 runed translucent door, Crazy Yiuf Bailey 2 runed translucent doors


Innate Abilities, Weirdness & Mutations

You are completely covered in rugged brown scales. (AC +3, +7% HP)
Armour fits poorly on your strangely shaped body.
You have a long armoured tail.
You roll when moving toward enemies. (Rampage)
Your long tongue fully drains potion bottles. (2x potion effects)
Your tongue gives you trouble enunciating. (1.5x scroll delay)


Message History

You feel yourself moving faster!
You feel mighty!
You feel a strong urge to attack something.
You feel your anger nearly subside.
Your blood rage is quickly leaving you.
You are no longer berserk.
You are exhausted.
You feel yourself slow down.
The orc knight hits you with a +0 glaive!
You whack the orc knight!
The orc knight looks as sick as possible!
You tail-slap the orc knight.
The orc knight is lightly wounded.
The orc warrior hits you from afar with a +0 halberd!!
You whack the orc knight!
The orc knight looks as sick as possible!
Your punch misses the orc knight.
The orc knight is moderately wounded.
The orc knight barely misses you.
The orc warrior hits you from afar with a +0 halberd!
The orc warrior hits you but does no damage.
You closely miss the orc knight.
Your tail-slap misses the orc knight.
The orc knight is moderately wounded.
The orc knight misses you.
You hit the orc knight but do no damage.
The orc knight looks as sick as possible!
The orc knight is moderately wounded.
The orc warrior hits you but does no damage.
The orc warrior hits you from afar with a +0 halberd!
You hit the orc knight but do no damage.
The orc knight is moderately wounded.
The orc knight hits you with a +0 glaive!
* * * LOW HITPOINT WARNING * * *
The orc warrior hits you from afar with a +0 halberd!
* * * LOW HITPOINT WARNING * * *
The orc warrior hits you from afar with a +0 trident!
* * * LOW HITPOINT WARNING * * *
As you slowly read the scroll of torment, it crumbles to dust.
You feel a surge of unholy energy.
The orc knight convulses!
The orc warrior convulses! x2; The orc knight barely misses you.
The orc warrior hits you from afar with a +0 trident!
You die...

♣≈≈≈≈≈♣♣♣♣ ♣.≈≈≈≈≈..♣♣
♣..≈≈≈≈≈..♣# ##..≈≈≈≈)..#
####.$#..≈≈≈≈≈).####
.....#...≈≈≈≈)....###
...##.oo≈≈≈≈..♣♣...♣♣♣
#..#...o≈≈≈≈..♣......♣♣ #o8##.
[##8.#..@######)........♣ #..#..
!=#..#...............∩..♣ #..+..
?[#..'..................♣
o.+..##[!#..')))..)............♣
#....$$#..#............)..∩..♣
#...!##8.#...######.........♣
#.o########..#....≈≈≈≈.........♣♣
#.o...o......##.♣.≈≈≈≈..♣....♣♣♣
......)......)#...≈≈≈≈.....###


You could see an orc knight (extremely poisoned) and 2 orc warriors.

Vanquished Creatures
  A centaur warrior (D:10)
  A two-headed ogre (D:8)
  A deep elf pyromancer (D:10)
  Maurice (D:8)
  Maggie (D:8)
  An unseen horror zombie (D:8)
  2 trolls (D:9)
  A hornet (D:7)
  Grinder (D:5)
  2 shadows (D:10)
  4 wyverns
  6 yaks (D:9)
  3 steam dragons
  4 vampire mosquitoes (D:7)
  11 orc warriors
  An ice beast (D:5)
  2 sky beasts
  4 black bears
  A centaur (D:9)
  A kobold brigand (D:9)
  3 bullfrogs
  2 necrophages (D:8)
  2 wyvern zombies (D:8)
  A gnoll sergeant (D:7)
  4 scorpions
  11 wights
  11 killer bees
  3 howler monkeys
  4 crimson imps (D:7)
  3 centaur zombies (D:8)
  An orc priest (D:5)
  A hound (D:5)
  A human zombie (D:8)
  A jelly (D:7)
  A gnoll bouda (D:7)
  2 iguanas
  Terence (D:2)
  4 orc wizards
  3 sleepcaps
  Natasha (thrice) (D:2)
  A mummy (D:8)
  A howler monkey zombie (D:8)
  Robin (D:2)
  11 gnolls
  6 adders
  A shadow imp (D:5)
  2 white imps
  2 ufetubi (D:5)
  2 worms
  4 dart slugs
  34 orcs
  8 ball pythons
  3 bats
  7 endoplasms
  7 giant cockroaches
  17 goblins
  4 hobgoblins (D:2)
  4 jackals (D:1)
  13 kobolds
  5 quokkas
  3 frilled lizards
  4 rats
251 creatures vanquished.

Notes
Turn   | Place    | Note
-------+----------+-------------------------------------------
     0 | D:1      | BinkBink the Armataur Berserker began the quest for the
                  | Orb.
     0 | D:1      | Reached XP level 1. HP: 19/19 MP: 1/1
   198 | D:1      | Reached XP level 2. HP: 26/26 MP: 2/2
   489 | D:1      | Reached XP level 3. HP: 28/33 MP: 3/3
   604 | D:1      | Reached ** piety under Trog
  1073 | D:2      | Noticed Natasha
  1076 | D:2      | Noticed Sigmund
  1082 | D:2      | Killed Natasha
  1106 | D:1      | Reached XP level 4. HP: 11/40 MP: 4/4
  1297 | D:2      | Noticed Robin
  1335 | D:2      | Killed Robin
  1376 | D:2      | Noticed Natasha
  1385 | D:2      | Killed Natasha
  1440 | D:2      | Reached skill level 1 in Maces & Flails
  1498 | D:2      | Noticed Terence
  1508 | D:2      | Killed Terence
  1509 | D:2      | Reached XP level 5. HP: 34/49 MP: 5/5
  1818 | D:2      | Noticed Natasha
  1825 | D:2      | Killed Natasha
  1826 | D:2      | Reached skill level 2 in Maces & Flails
  2424 | D:3      | Reached *** piety under Trog
  2883 | D:4      | Reached XP level 6. HP: 31/55 MP: 6/6
  2889 | D:4      | Reached skill level 3 in Maces & Flails
  3114 | D:4      | Found a runed translucent door.
  3115 | D:4      | Noticed Crazy Yiuf
  3902 | D:5      | Entered Level 5 of the Dungeon
  3902 | D:5      | Noticed Grinder
  4024 | D:5      | Paralysed by Grinder for 4 turns
  4036 | D:5      | Killed Grinder
  4037 | D:5      | Reached skill level 4 in Maces & Flails
  4037 | D:5      | Reached XP level 7. HP: 33/64 MP: 7/7
  4154 | D:5      | Reached skill level 5 in Fighting
  4166 | D:5      | Reached skill level 5 in Maces & Flails
  4878 | D:6      | Reached XP level 8. HP: 73/73 MP: 8/8
  4913 | D:5      | Reached skill level 6 in Maces & Flails
  6022 | D:5      | Reached skill level 7 in Maces & Flails
  6390 | D:6      | Found a white marble altar of Elyvilon.
  6625 | D:7      | Noticed a hornet
  6631 | D:7      | Killed a hornet
  6632 | D:7      | Reached skill level 8 in Maces & Flails
  6632 | D:7      | Reached XP level 9. HP: 34/83 MP: 9/9
  6867 | D:7      | Found a staircase to the Ecumenical Temple.
  6909 | D:7      | Identified the +1 pair of gloves of Eskewir {rC+ rN+ Dex+2}
  7011 | D:7      | Reached **** piety under Trog
  7027 | D:7      | Reached skill level 9 in Maces & Flails
  7397 | D:7      | Found a shimmering altar of Xom.
  8021 | D:7      | Reached skill level 10 in Maces & Flails
  8073 | D:8      | Identified the +1 robe of Immorality {Rampage}
  8078 | D:8      | Noticed a two-headed ogre
  8454 | D:8      | Reached XP level 10. HP: 69/94 MP: 10/10
  8504 | D:8      | Found an ancient bone altar of Kikubaaqudgha.
  8657 | D:8      | Found a burning altar of Makhleb.
  8836 | D:8      | Noticed Maurice
  8839 | D:8      | Maurice stole an amulet of the acrobat
  8840 | D:8      | Maurice stole 143 gold
  8842 | D:8      | Maurice stole 66 gold
  8846 | D:8      | Killed Maurice
  8899 | D:8      | Killed a two-headed ogre
  8900 | D:8      | Reached skill level 11 in Maces & Flails
  9225 | D:8      | Noticed Maggie
  9238 | D:8      | Killed Maggie
  9348 | D:9      | Found a stormy altar of Qazlal.
  9448 | D:9      | Found a staircase to the Orcish Mines.
  9640 | D:9      | Reached ***** piety under Trog
  9645 | D:9      | Reached skill level 12 in Maces & Flails
  9751 | D:9      | Reached XP level 11. HP: 83/103 MP: 11/11
 10186 | D:10     | Entered Level 10 of the Dungeon
 10188 | D:10     | Noticed a deep elf pyromancer
 10197 | D:10     | Killed a deep elf pyromancer
 10227 | D:10     | Found a shimmering blue altar of Sif Muna.
 10231 | D:10     | Found a broken altar of Ashenzari.
 10240 | D:10     | Found an opulent altar of Gozag.
 10244 | D:10     | Found a radiant altar of Vehumet.
 10273 | D:10     | Noticed a centaur warrior
 10283 | D:10     | Killed a centaur warrior
 10444 | D:10     | Reached skill level 10 in Fighting
 10585 | D:10     | Found a flagged portal.
 10594 | Bailey   | Entered a bailey
 10995 | Bailey   | Found a large runed translucent door.
 10995 | Bailey   | Found a large runed translucent door.
 10995 | Bailey   | Noticed a deep elf pyromancer
 10996 | Bailey   | Noticed an orc knight
 11116 | Bailey   | Reached skill level 13 in Maces & Flails
 11393 | Bailey   | HP: 4/105 [orc warrior/+0 trident (11)]
 11394 | Bailey   | Slain by an orc warrior

Illustrated notes

Levels and vault maps discovered:
D:1:      sevenhm_arrival_forest_fort_large_2, layout_loops_ring,
          chequers_serial_rivers_large_a
D:2:      layout_basic, serial_rivers, chequers_serial_rivers_micro_b,
          chequers_serial_rivers_room_b, chequers_serial_rivers_micro_d,
          chequers_serial_rivers_large_b, minmay_tetromino_s4, uniq_natasha,
          uniq_sigmund, uniq_robin, uniq_terence
D:3:      layout_basic
D:4:      layout_gridville, uniq_crazy_yiuf_cottage
D:5:      layout_rooms, dreamdust_wishing_well, uniq_grinder
D:6:      layout_rooms, kennysheep_mini_moat, feat_on_display
D:7:      layout_basic, led_xom_imps, minmay_temple_entry_large_hall
D:8:      layout_loops_ring, lemuel_round_altar,
          lemuel_mausoleum_altar_kikubaaqudgha, minivault_11, uniq_maurice,
          uniq_maggie
D:9:      layout_roguey, grunt_qazlal_sundering, orc_0_dummy, patterned_corridor
D:10:     layout_irregular_city, nicolae_overflow_macrodata_refinement,
          enter_bailey_2, uniq_snorg
Bailey:   bailey_polearm_elven_captive_hellmonk, bailey

Skill      XL: |  1  2  3  4  5  6  7  8  9 10 11 |
---------------+----------------------------------+-----
Fighting       | 3 4 5 6 8 9 10 | 10.1
Axes           | 3 |  3.8
Maces & Flails | 1 2 4 5 8 10 12 13 | 13.0
Armour         | |  2.4
Dodging        | |  1.3

Action                     |  1- 3 |  4- 6 |  7- 9 | 10-12 || total
---------------------------+-------+-------+-------+-------++-------
  Melee: Hand axe          |   107 |    32 |       |       ||   139
         Tailslap          |     7 |    16 |    62 |    67 ||   152
         Punch             |     1 |       |     5 |     8 ||    14
         Whip              |       |   133 |   359 |   369 ||   861
 Invoke: Berserk           |       |       |       |     1 ||     1
  Evoke: Wand              |       |       |       |     1 ||     1
    Use: Potion            |       |     1 |     4 |     2 ||     7
         Scroll            |       |       |    22 |     6 ||    28
   Stab: Sleeping          |     2 |     4 |     2 |     7 ||    15
         Invisible         |       |       |     9 |       ||     9
         Distracted        |       |       |     1 |       ||     1
 Armour: Animal skin       |    84 |   107 |   245 |       ||   436
         Robe              |       |       |    19 |   162 ||   181
  Dodge: Dodged            |    49 |    78 |   183 |   114 ||   424

Table legend: (Time is in decaauts)
 A = Elapsed time spent in this place.
 B = Non-inter-level travel time spent in this place.
 C = Inter-level travel time spent in this place.
 D = Time resting spent in this place.
 E = Time spent auto-exploring this place.
 F = Levels seen in this place.
 G = Mean time per level.
                   A        B        C        D        E       F      G
               +--------+--------+--------+--------+--------+-----+--------+
         Total |  11126 |  10700 |    426 |   2017 |   6437 |  11 | 1011.5 |
       Dungeon |  10354 |   9928 |    426 |   1703 |   6423 |  10 | 1035.4 |
        Bailey |    772 |    772 |      0 |    314 |     14 |   1 |  772.0 |
               +--------+--------+--------+--------+--------+-----+--------+

Top non-repeatable levels by time:
     D:5: 2195 daAuts
     D:7: 1555 daAuts
     D:4: 1253 daAuts
     D:2: 1091 daAuts
     D:1: 1057 daAuts
     D:8: 1035 daAuts
     D:9: 791 daAuts
  Bailey: 772 daAuts
     D:3: 626 daAuts
    D:10: 374 daAuts
     D:6: 373 daAuts
